 Dungeon Crawl Stone Soup version 0.32-a0-422-g28b100f618 (webtiles) character file.

Game seed: 12191512706024723592

313 ezpacito the Trooper (level 6, 47/48 HPs)
             Began as a Coglin Chaos Knight on Feb 21, 2024.
             Was a Plaything of Xom.
             Quit the game on level 3 of the Dungeon.
             The game lasted 00:05:50 (2249 turns).

ezpacito the Trooper (Coglin Chaos Knight)          Turns: 2249, Time: 00:05:51

Health: 47/48      AC: 10    Str: 14    XL:     6   Next: 43%
Magic:  16/16      EV:  7    Int: 12    God:    Xom [.*....]
Gold:   215        SH:  0    Dex: 13    Spells: 6/7 levels left

rFire   . . .        a - +2 hand axe (chaos) {Ximena}
rCold   . . .        m - +0 dagger (drain) {Eunkyung}
rNeg    . . .        e - +1 chain mail
rPois   .            (no helmet)
rElec   .            (no cloak)
rCorr   .            (no gloves)
SInv    .            (no boots)
Will    .....        (no amulet) Stlth
                     l - ring of magical power
HPRegen 0.28/turn    (no ring)
MPRegen 0.15/turn

%: no passive effects
@: immotile, revving, very slow
A: off-hand wielding, slow wielding, warmup strikes, legs shutdown
a: Renounce Religion


You were on level 3 of the Dungeon.
You worshipped Xom.
You were a plaything of Xom.
You visited 1 branch of the dungeon, and saw 3 of its levels.

You collected 215 gold pieces.

Inventory:

Hand Weapons
 a - a +2 hand axe of chaos (weapon) {Ximena}
 h - a +0 trident
 i - a +0 hand axe {Hamal}
 m - a +0 dagger of draining (offhand) {Eunkyung}
Armour
 b - a +2 leather armour
 e - a +1 chain mail (worn)
Jewellery
 l - a ring of magical power (left grasper)
Wands
 g - a wand of mindburst (14)
Scrolls
 c - a scroll of butterflies
 d - a scroll of enchant weapon
 f - 2 scrolls of fear
 r - a scroll of teleportation
Potions
 j - a potion of brilliance
 k - 2 potions of might {unknown}
 n - a potion of haste {unknown}
 o - a potion of magic {unknown}
 p - a potion of ambrosia {unknown}
 q - 2 potions of degeneration {unknown}


   Skills:
 * Level 4.0 Fighting
 * Level 3.9 Axes
 * Level 3.0 Armour
 * Level 2.4 Dodging
 + Level 1.4 Stealth
 + Level 1.3 Unarmed Combat
 + Level 1.1 Spellcasting


You had 6 spell levels left.
You knew the following spells:

 Your Spells              Type           Power      Damage    Failure   Level
a - Freeze                Ice            0%         1d3       99%         1

Your spell library contained the following spells:

 Spells                   Type           Power      Damage    Failure   Level
 Foxfire                  Conj/Fire      0%         2x1d4     99%         1
 Call Canine Familiar     Summ           0%         N/A       100%        3
 Sigil of Binding         Hex            0%         N/A       100%        3
 Dimensional Bullseye     Hex/Tloc       0%         N/A       100%        4
 Summon Blazeheart Golem  Fire/Summ      0%         N/A       100%        4
 Plasma Beam              Fire/Air       0%         2x1d10    100%        6
 Starburst                Conj/Fire      0%         6d3       100%        6
 Orb of Destruction       Conj           0%         9d5       100%        7
 Spellforged Servitor     Conj/Summ      0%         N/A       100%        7


Dungeon Overview and Level Annotations

Branches:
Dungeon (3/15)

Altars:


Innate Abilities, Weirdness & Mutations

You can wield a second weapon in your off-hand.
It takes a long time for you to wield or remove held weapons.
Your first few attacks do less damage.
Attacking and casting redirects power from your legs.


Message History

You see here a quokka corpse.
Your unstable footing causes you to fumble your attack.
You hit the river rat but do no damage. You drain the river rat.
You hear the drain falling apart.
The river rat bites you but does no damage.
You closely miss the river rat with your +0 dagger of draining.
The river rat is moderately wounded.
You completely miss the river rat with your +2 hand axe of chaos.
The river rat bites you but does no damage.
You closely miss the river rat with your +2 hand axe of chaos.
The river rat is moderately wounded.
You hit the river rat but do no damage.
The river rat bites you but does no damage.
You closely miss the river rat with your +2 hand axe of chaos.
The river rat is moderately wounded.
You hit the river rat but do no damage. The river rat closely misses you.
You hit the river rat but do no damage.
The river rat is lightly wounded.
You barely miss the river rat with your +0 dagger of draining.
The river rat bites you.
You hit the river rat with your +2 hand axe of chaos.
The river rat seems to slow down.
The river rat is heavily wounded.
You hit the river rat but do no damage. You drain the river rat.
Your unstable footing causes you to fumble your attack.
You hit the river rat but do no damage. You drain the river rat.
You kill the river rat!
You cannot move.
You are no longer unable to travel.
You see here a river rat corpse.
The walls and floor vibrate strangely for a moment.
A quokka comes into view.
Your unstable footing causes you to fumble your attack.
You hit the quokka with your +2 hand axe of chaos.
The acid corrodes the quokka!
The quokka splashes around in the water.
You hit the quokka with your +0 dagger of draining.
You kill the quokka!
Your Armour skill increases to level 3!
Are you sure you want to abandon this character and quit the game? (Confirm with "yes".)

###
##~######~##
#~~~~~@†~~~#
#~~~####~~~#
##~## ~##
#~# # #~#
##~## #~~~#
.### #~†~#
...#
####†######
##...#


There were no monsters in sight!

Vanquished Creatures
  2 bombardier beetles (D:3)
  An iguana (D:3)
  An orc wizard (D:3)
  7 adders
  2 river rats (D:3)
  2 dart slugs
  2 ribbon worms (D:2)
  7 orcs (D:3)
  4 endoplasms
  3 giant cockroaches (D:1)
  4 hobgoblins
  4 quokkas
  6 ball pythons
  A bat (D:1)
  5 frilled lizards
  A goblin (D:3)
  4 kobolds
  6 rats
62 creatures vanquished.

Notes
Turn   | Place    | Note
-------+----------+-------------------------------------------
     0 | D:1      | ezpacito the Coglin Chaos Knight began the quest for the
                  | Orb.
     0 | D:1      | Reached XP level 1. HP: 18/18 MP: 1/1
     9 | D:1      | Got Plato's Vellum of the Serac
    62 | D:1      | Reached skill level 1 in Dodging
   185 | D:1      | Reached XP level 2. HP: 24/24 MP: 2/2
   331 | D:1      | Reached XP level 3. HP: 26/29 MP: 3/3
   366 | D:1      | XOM: divination: detect creatures
   545 | D:1      | Learned a level 1 spell: Freeze
   623 | D:1      | XOM: silly message
   818 | D:1      | XOM: noise
   950 | D:2      | XOM: god gift: small sapphire ring {god gift}
  1081 | D:2      | XOM: cloud trail
  1134 | D:2      | Reached XP level 4. HP: 30/33 MP: 4/4
  1236 | D:2      | XOM: god gift: mace {god gift}
  1636 | D:3      | Reached XP level 5. HP: 29/41 MP: 6/6
  1638 | D:3      | Reached skill level 1 in Stealth
  1739 | D:3      | Reached skill level 1 in Unarmed Combat
  1793 | D:3      | Reached skill level 1 in Spellcasting
  1825 | D:3      | Reached XP level 6. HP: 36/48 MP: 7/7
  1992 | D:3      | XOM: silly message
  1999 | D:3      | XOM: enchant monster (good)
  2059 | D:3      | Reached skill level 4 in Fighting
  2249 | D:3      | Quit the game

Illustrated notes

Levels and vault maps discovered:
D:1:      scummos_arrival_simple_fountains, layout_basic,
          shapermc_ecumenical_altar_rom_forum
D:2:      layout_loops_cross, minmay_cut_off
D:3:      layout_rooms, gup_sewer_entry_bubbles, minmay_box_of_dots

Skill      XL: |  1  2  3  4  5  6 |
---------------+-------------------+-----
Dodging        | 1 2 |  2.4
Armour         | 2 3 |  3.0
Stealth        | 1 |  1.4
Unarmed Combat | 1 |  1.3
Spellcasting   | 1 |  1.1
Fighting       | 4 |  4.0
Axes           | |  3.9

Action                     |  1- 3 |  4- 6 || total
---------------------------+-------+-------++-------
  Melee: Hand axe          |    77 |    96 ||   173
         Dagger            |       |    73 ||    73
    Use: Scroll            |       |     9 ||     9
         Potion            |       |     1 ||     1
 Armour: Leather armour    |    19 |       ||    19
         Chain mail        |    14 |    76 ||    90
  Dodge: Dodged            |    27 |    29 ||    56

Table legend: (Time is in decaauts)
 A = Elapsed time spent in this place.
 B = Non-inter-level travel time spent in this place.
 C = Inter-level travel time spent in this place.
 D = Time resting spent in this place.
 E = Time spent auto-exploring this place.
 F = Levels seen in this place.
 G = Mean time per level.
                   A        B        C        D        E       F      G
               +--------+--------+--------+--------+--------+-----+--------+
         Total |   2264 |   2207 |     57 |      0 |   1545 |   3 |  754.7 |
       Dungeon |   2264 |   2207 |     57 |      0 |   1545 |   3 |  754.7 |
               +--------+--------+--------+--------+--------+-----+--------+

Top non-repeatable levels by time:
     D:1: 837 daAuts
     D:2: 792 daAuts
     D:3: 635 daAuts
